 Dungeon Crawl Stone Soup version 0.28-a0-95-g65e1ffefe4 (webtiles) character file.

Game seed: 9449621745922782500

105 lemonriz the Poker (level 4, 35/35 HPs)
             Began as a Demonspawn Fighter on Mar 29, 2020.
             Got out of the dungeon alive.
             The game lasted 00:04:33 (1291 turns).

lemonriz the Poker (Demonspawn Fighter)             Turns: 1291, Time: 00:04:34

Health: 35/35      AC:  7    Str: 18    XL:     4   Next: 54%
Magic:  4/4        EV:  7    Int:  9    God:
Gold:   108        SH:  8    Dex: 12    Spells: 3/3 levels left

rFire   . . .      SeeInvis .   a - +0 trident
rCold   . . .      Faith    .   c - +0 kite shield
rNeg    . . .      Spirit   .   b - +0 scale mail
rPois   .          Reflect  .   (no helmet)
rElec   .          Harm     .   (no cloak)
rCorr   .          Rampage  .   k - +0 pair of gloves
Will    .....                   (no boots)
Stlth   ++........              (no amulet)
HPRegen 0.11/turn               i - ring of stealth
MPRegen 0.09/turn               (no ring)

@: no status effects
A: nightstalker 1
a: no special abilities


You escaped.
You visited 1 branch of the dungeon, and saw 2 of its levels.

You collected 108 gold pieces.

Inventory:

Hand Weapons
 a - a +0 trident (weapon)
Armour
 b - a +0 scale mail (worn)
 c - a +0 kite shield (worn)
 k - a +0 pair of gloves (worn)
Jewellery
 i - a ring of stealth (left hand)
Scrolls
 e - a scroll of blinking {unknown}
 g - 3 scrolls of enchant armour {unknown}
 j - a scroll of magic mapping {unknown}
 m - a scroll of identify {unknown}
 n - a scroll of enchant weapon {unknown}
Potions
 d - a potion of might
 h - a potion of berserk rage {unknown}
 l - a potion of heal wounds {unknown}
Comestibles
 f - 3 removed foods


   Skills:
 - Level 3.0 Fighting
 + Level 3.6 Polearms
 - Level 2.6 Armour
 + Level 2.3 Stealth
 - Level 2.6 Shields


You had 3 spell levels left.
You didn't know any spells.
Your spell library was empty.

Dungeon Overview and Level Annotations

Branches:
Dungeon (2/15)

Altars:


Innate Abilities, Weirdness & Mutations

You are slightly more attuned to the shadows.


Message History

The adder closely misses you. The adder bites you but does no damage.
You miss the adder.
The adder is heavily wounded.
The adder bites you.
You closely miss the adder.
The adder is heavily wounded.
You block the adder's attack. The adder bites you.
Your shield and scale mail prevent you from hitting the adder.
The adder is heavily wounded.
The adder barely misses you. x2
Press: ? - help, v - describe, . - travel The floor.
You puncture the adder!
You kill the adder!
Sorry, you're not good enough to have a special ability.
Sorry, you're not good enough to have a special ability.
Found a removed food.
Unknown command.
Save game and exit?
Okay, then.
Unknown command.
Unknown command.
Save game and exit?
Welcome back, lemonriz the Demonspawn Fighter.
Press ? for a list of commands and other information.
Unknown command.
There is an escape hatch in the ceiling here.
HP restored.
A mysterious force pulls you upwards. The hatch slams shut behind you.
You can't go up here!
You can't go up here!
You can't go up here!
You see here a +0 club.
There is an open door here.
There is an open door here.
There is a staircase leading out of the dungeon here.
Are you sure you want to leave the Dungeon?
This will make you lose the game!
Uppercase [Y]es or [N]o only, please.
Are you sure you want to leave the Dungeon?
This will make you lose the game!
You have escaped!

...........########### #.#
.###########.........####.# .#
##...####'####...### .# ##.####
#...# ####.## .# #.## #...# ##.#
.# ##.########'### ####.## .#
#.##≈..##.....###.≈##.# .#
###.#§§..#.......#..≈≈#.### .#
#...#≈§..'...@...'..§≈#...# ##
.###.#.#≈≈..#.......#..≈≈#)#.###.
.##..#.##≈..##.....###.≈##.#.).#.
.....##.########'### ####.##.....
###...#.## #...# ##.##.....
##..##.#### #...# ####.##......
##.>##...####'####.).#####....
##.#####..^......####.......)
#.### ########### #.####.##.


There were no monsters in sight!

Vanquished Creatures
  3 adders (D:2)
  An endoplasm (D:2)
  3 worms (D:2)
  2 dart slugs (D:1)
  2 removed leopard geckos
  11 bats
  7 giant cockroaches
  6 goblins
  5 hobgoblins
  5 jackals (D:2)
  4 kobolds
  5 frilled lizards
  4 rats
58 creatures vanquished.

Notes
Turn   | Place    | Note
-------+----------+-------------------------------------------
     0 | D:1      | lemonriz the Demonspawn Fighter began the quest for the
                  | Orb.
     0 | D:1      | Reached XP level 1. HP: 18/18 MP: 1/1
    72 | D:1      | Gained mutation: You are slightly more attuned to the
                  | shadows. [demonic ancestry]
    72 | D:1      | Reached XP level 2. HP: 21/24 MP: 2/2
   308 | D:1      | Reached skill level 1 in Stealth
   308 | D:1      | Reached XP level 3. HP: 28/29 MP: 3/3
   870 | D:2      | Reached XP level 4. HP: 21/35 MP: 4/4
  1026 | D:2      | Upgraded the game from 0.25-a0-670-g50981ef59b to
                  | 0.25-a0-734-g73332aeda9
  1026 | D:2      | Upgraded the game from 0.25-a0-734-g73332aeda9 to
                  | 0.25-a0-1137-g7f6bfe439b
  1208 | D:2      | Upgraded the game from 0.25-a0-1137-g7f6bfe439b to
                  | 0.28-a0-95-g65e1ffefe4
  1291 | D:$      | Got out of the dungeon alive.

Illustrated notes

Levels and vault maps discovered:
D:1:      dpeg_arrival_another_circle, layout_loops_ring
D:2:      layout_basic

Skill      XL: |  1  2  3  4 |
---------------+-------------+-----
Polearms       | 2 3 |  3.6
Stealth        | 1 2 |  2.3
Fighting       | |  3.0
Armour         | |  2.6
Shields        | |  2.6

Action                   |  1- 3 |  4- 6 || total
-------------------------+-------+-------++-------
Melee: Trident           |   165 |    75 ||   240
 Stab: Sleeping          |     4 |       ||     4
  Eat: Removed food      |       |     2 ||     2
Armor: Scale mail        |    68 |    41 ||   109
Dodge: Dodged            |    47 |    31 ||    78
Block: Kite shield       |    79 |    42 ||   121

Table legend: (Time is in decaauts)
 A = Elapsed time spent in this place.
 B = Non-inter-level travel time spent in this place.
 C = Inter-level travel time spent in this place.
 D = Time resting spent in this place.
 E = Time spent auto-exploring this place.
 F = Levels seen in this place.
 G = Mean time per level.
                   A        B        C        D        E       F      G
               +--------+--------+--------+--------+--------+-----+--------+
         Total |   1343 |   1240 |    103 |      0 |    744 |   2 |  671.5 |
       Dungeon |   1343 |   1240 |    103 |      0 |    744 |   2 |  671.5 |
               +--------+--------+--------+--------+--------+-----+--------+

Top non-repeatable levels by time:
     D:1: 69 daAuts
     D:2: 16 daAuts
Note: time per level data comes from an upgraded game and may be incomplete.
